Map: Orbital Shipyard

Players

Wizard

  • Race: Zerg Zerg
  • League: Grandmaster

Alby - Winner!

  • Race: Protoss Protoss
  • League: Bronze

VOD

Have the link to the VOD?

Description

Time

  • Played on: Aug. 15, 2015, 10:04 p.m.
  • Length: 27:17
Show
View Real Time Build Order
Export as new Build Order

Wizard Zerg 

Build Orders: Pool First 

Get SALT Encoding   

  12  0:21  Spawning Pool  
  12  0:24  Drone  
  12  0:32  Overlord  
  12  0:41  Drone  
  13  0:47  Extractor  
  12  0:50  Drone  
  12  0:53  Drone  
  14  1:09  Queen  
  16  1:13  Zergling x4  
  18  1:19  Zergling x2  
  19  1:47  Hatchery  
  19  1:50  Drone  
  19  1:53  Zergling x4  
  21  2:01  Overlord  
  21  2:15  Drone  
  22  2:27  Drone x2  
  24  2:48  Drone x2, Extractor  
  25  3:00  Queen  
  25  3:01  Overlord  
  27  3:06  Drone x3  
  27  3:08  Drone  
  27  3:09  Drone  
  27  3:12  Drone x2  
  34  3:25  Lair  
  34  3:35  Pneumatized Carapace  
  34  3:36  Baneling Nest  
  34  3:37  Drone  
  34  3:47  Overlord  
  34  4:26  Roach Warren  
  33  4:32  Drone x5  
  33  4:33  Drone x2  
  33  4:37  Extractor  
  39  4:39  Drone x2  
  39  4:40  Drone, Extractor  
  39  4:43  Hatchery, Drone  
  41  4:47  Drone  
  41  4:50  Drone  
  43  5:03  Baneling x3  
  42  5:18  Overlord  
  42  5:19  Overlord x2  
  38  5:44  Drone  
  38  5:45  Drone x2, Spire  
  40  6:05  Baneling  
  40  6:07  Queen  
  42  6:15  Spore Crawler, Hydralisk Den  
  42  6:18  Spore Crawler  
  39  6:22  Spore Crawler  
  38  6:25  Spore Crawler  
  38  6:26  Spore Crawler  
  36  6:33  Drone x3  
  39  6:46  Hydralisk x2  
  39  6:47  Hydralisk x3, Roach x4  
  43  6:48  Roach  
  59  6:57  Muscular Augments  
  59  7:04  Drone x2  
  62  7:22  Drone  
  62  7:23  Drone, Hydralisk x2  
  62  7:24  Hydralisk  
  69  7:33  Overlord x2  
  69  7:37  Drone x2  
  69  7:39  Drone x2  
  73  7:53  Mutalisk x3  
  79  8:02  Lurker Den  
  79  8:06  Drone x4  
  79  8:09  Overseer x2  
  83  8:20  Mutalisk x3  
  89  8:27  Overlord x2  
  89  8:28  Overlord  
  89  8:35  Spine Crawler  
  89  8:39  Spine Crawler  
  89  8:40  Drone x2  
  89  8:41  Drone  
  90  8:48  Spine Crawler  
  90  8:50  Mutalisk x2  
  93  9:17  Mutalisk x5  
  93  9:18  Mutalisk x2  
  93  9:19  Mutalisk x2  
  93  9:21  Overlord  
  111  9:28  Glial Reconstitution  
  111  9:33  Lurker  
  111  9:36  Lurker  
  113  10:00  Burrow  
  113  10:16  Mutalisk x3  
  119  10:22  Extractor  
  119  10:24  Drone x3  
  119  10:25  Extractor  
  119  10:26  Drone x2  
  122  10:30  Overlord x4  
  122  10:53  Hydralisk x3  
  122  10:54  Hydralisk, Roach x4  
  122  10:55  Roach  
  140  11:32  Hydralisk x3  
  140  11:33  Roach x3, Zergling x2  
  138  12:19  Hydralisk x2  
  138  12:20  Hydralisk x3, Roach x3  
  138  12:21  Roach  
  152  12:31  Mutalisk  
  154  12:39  Overlord  
  154  12:40  Overlord  
  154  13:16  Overlord x4  
  152  13:35  Hydralisk x6, Roach  
  152  13:36  Roach x3  
  84  14:16  Hydralisk  
  84  14:17  Hydralisk x5, Roach x2  
  80  14:18  Roach x2  
  96  14:45  Evolution Chamber  
  95  14:47  Drone x2  
  95  14:52  Hydralisk x4, Roach  
  103  14:53  Roach x2  
  103  14:56  Evolution Chamber  
  110  15:08  Zerg Flyer Weapons Level 1  
  110  15:20  Drone  
  110  15:21  Drone x3  
  114  15:40  Hatchery  
  113  15:52  Zerg Missile Weapons Level 1  
  113  15:54  Hydralisk, Zerg Ground Armor Level 1  
  113  15:55  Hydralisk x5, Roach x2  
  113  15:56  Hydralisk x4, Roach x5  
  113  15:57  Roach x3  
  153  16:34  Overseer  
  153  16:46  Hydralisk x5  
  163  16:47  Roach x4  
  171  17:02  Zerg Flyer Armor Level 1  
  171  17:08  Infestation Pit  
  92  17:42  Hydralisk x5  
  92  17:43  Hydralisk x2, Roach x6  
  106  18:23  Queen  
  108  18:41  Hydralisk x3  
  108  18:42  Hydralisk x7  
  108  18:43  Hydralisk x3  
  108  18:46  Hive  
  134  18:50  Zerg Ground Armor Level 2  
  134  18:52  Zerg Missile Weapons Level 2  
  133  19:06  Queen  
  133  19:09  Hydralisk x4  
  132  19:10  Hydralisk x5  
  132  19:11  Hydralisk x2  
  151  19:33  Hydralisk x3  
  151  19:34  Hydralisk x2  
  161  19:41  Hatchery  
  160  20:20  Extractor  
  159  20:30  Extractor x2  
  159  20:32  Ultralisk Cavern  
  156  20:44  Drone x3  
  156  20:46  Drone  
  156  20:47  Drone x2  
  156  20:48  Overlord  
  162  20:52  Queen  
  162  20:53  Extractor  
  163  21:06  Drone x2  
  165  21:54  Ultralisk x2  
  165  21:55  Ultralisk x2  
  189  22:14  Drone x2  
  189  22:15  Drone  
  192  22:17  Drone x4  
  192  22:18  Drone  
  192  22:19  Drone  
  192  22:22  Overlord x3  
  198  22:23  Overlord  
  198  22:24  Overseer x2  
  198  22:38  Chitinous Plating  
  112  23:27  Hydralisk  
  112  23:28  Hydralisk x6  
  112  23:29  Ultralisk x2, Hydralisk x6  
  112  23:30  Hydralisk x3  
  122  24:40  Hydralisk x4  
  122  24:41  Hydralisk x7  
  122  24:42  Hydralisk  
  137  24:50  Overseer  
  94  25:14  Hydralisk x4  
  92  25:16  Hatchery  
  98  25:25  Drone x6  
  98  25:26  Drone x2  
  106  25:41  Drone  
  107  25:43  Drone x4  
  107  25:44  Drone x3  
  114  26:02  Queen  
  112  26:26  Drone  
  112  26:27  Drone  
  112  26:32  Spore Crawler  
  113  26:37  Hydralisk x2  
  113  26:38  Hydralisk x3  
Show
View Real Time Build Order
Export as new Build Order

Alby Protoss - Winner!

Build Orders: 1 Gate Expand 

Get SALT Encoding   

  12  0:00  Probe  
  13  0:14  Pylon  
  13  0:18  Probe  
  14  0:34  Gateway  
  14  0:45  Probe (Chrono Boost)  
  15  0:55  Probe (Chrono Boost)  
  16  1:02  Probe  
  16  1:03  Assimilator  
  17  1:19  Probe (Chrono Boost)  
  17  1:25  Nexus  
  18  1:29  Probe (Chrono Boost)  
  19  1:33  Cybernetics Core  
  19  1:40  Zealot  
  21  1:47  Assimilator  
  21  1:49  Assimilator  
  21  1:52  Probe  
  22  2:02  Pylon  
  22  2:20  Zealot  
  24  2:25  Pylon  
  24  2:34  Probe  
  25  2:40  Forge  
  25  2:42  Gateway  
  25  2:46  Probe  
  25  2:50  Probe  
  27  2:58  Probe, Warp Gate (Chrono Boost)  
  28  3:05  Zealot (Chrono Boost)  
  30  3:08  Probe (Chrono Boost)  
  30  3:12  Mothership Core (Chrono Boost)  
  33  3:20  Assimilator  
  33  3:24  Pylon  
  33  3:26  Probe (Chrono Boost)  
  34  3:27  Protoss Ground Weapons Level 1 (Chrono Boost)  
  34  3:28  Probe (Chrono Boost)  
  35  3:37  Stalker (Chrono Boost)  
  37  3:45  Pylon  
  37  3:48  Probe, Assimilator  
  38  3:52  Probe  
  39  4:10  Probe x2  
  41  4:21  Sentry x2 (Chrono Boost)  
  45  4:28  Stargate  
  45  4:31  Probe x2  
  45  4:34  Pylon  
  47  4:45  Probe x2  
  49  5:05  Nexus  
  49  5:06  Pylon  
  49  5:16  Protoss Ground Armor Level 1 (Chrono Boost)  
  49  5:20  Robotics Facility  
  49  5:21  Oracle  
  52  5:44  Gateway  
  52  5:48  Gateway  
  52  5:50  Gateway  
  52  5:54  Pylon  
  52  6:03  Probe x2  
  54  6:06  Sentry x2  
  54  6:09  Observer (Chrono Boost)  
  59  6:17  Probe x3  
  62  6:24  Robotics Bay  
  62  6:27  Twilight Council  
  62  6:29  Probe x2  
  64  6:33  Observer  
  65  6:42  Pylon  
  65  6:45  Photon Cannon  
  62  7:03  Immortal (Chrono Boost)  
  62  7:04  Blink (Chrono Boost)  
  66  7:20  Assimilator  
  66  7:22  Probe (Chrono Boost)  
  69  7:23  Probe (Chrono Boost)  
  69  7:26  Probe (Chrono Boost)  
  69  7:30  Zealot x3  
  69  7:34  Probe x2 (Chrono Boost)  
  78  7:38  Probe (Chrono Boost)  
  78  7:39  Robotics Facility  
  78  7:40  Probe x2 (Chrono Boost)  
  80  7:46  Probe  
  80  7:49  Colossus (Chrono Boost)  
  87  7:56  Pylon  
  87  8:02  Photon Cannon  
  87  8:04  Extended Thermal Lance (Chrono Boost)  
  87  8:11  Probe (Chrono Boost)  
  90  8:16  Probe x2 (Chrono Boost), Pylon  
  90  8:25  Probe (Chrono Boost)  
  90  8:27  Observer (Chrono Boost)  
  92  8:28  Probe x2  
  94  8:36  Forge  
  94  8:37  Protoss Ground Armor Level 2 (Chrono Boost)  
  94  8:39  Pylon  
  94  8:40  Void Ray (Chrono Boost)  
  98  8:47  Probe x3  
  101  8:49  Charge (Chrono Boost)  
  101  8:50  Pylon  
  101  8:51  Assimilator  
  101  8:59  Probe x3  
  101  9:01  Zealot, Pylon  
  106  9:11  Probe x3  
  109  9:23  Immortal (Chrono Boost)  
  119  9:24  Protoss Ground Weapons Level 2 (Chrono Boost)  
  119  9:27  Colossus (Chrono Boost)  
  119  9:35  Probe x2  
  121  9:45  Zealot  
  121  9:46  Zealot x4  
  131  9:55  Pylon  
  131  9:58  Pylon  
  131  10:00  Nexus, Photon Cannon  
  131  10:01  Photon Cannon  
  121  10:13  Stalker x3  
  121  10:14  Stalker x2  
  131  10:21  Pylon  
  131  10:24  Photon Cannon  
  131  10:25  Pylon  
  131  10:26  Photon Cannon  
  130  10:42  Gateway  
  130  10:44  Gateway  
  130  10:46  Gateway  
  130  10:49  Photon Cannon  
  130  11:04  Pylon, Photon Cannon  
  130  11:06  Pylon  
  130  11:08  Photon Cannon  
  130  11:16  Probe x2  
  130  11:17  Probe  
  133  11:19  Assimilator  
  133  11:24  Assimilator  
  128  11:29  Stalker  
  128  11:30  Stalker x3  
  128  11:31  Stalker  
  96  12:17  Stalker x3  
  96  12:18  Stalker x2  
  94  12:27  Fleet Beacon  
  94  12:29  Colossus x2  
  91  12:30  Stargate  
  91  12:48  Photon Cannon  
  91  12:49  Stalker  
  91  12:50  Stalker x4, Photon Cannon  
  91  12:51  Stalker x2  
  105  12:52  Photon Cannon  
  105  12:54  Photon Cannon  
  94  13:19  Stalker  
  96  13:20  Stalker x4  
  96  13:21  Stalker  
  96  13:22  Stalker  
  76  14:12  Zealot x2  
  76  14:13  Zealot x4  
  86  14:18  Carrier x2 (Chrono Boost)  
  86  14:28  Probe (Chrono Boost)  
  90  14:32  Protoss Ground Weapons Level 3 (Chrono Boost)  
  90  14:33  Colossus x2 (Chrono Boost)  
  90  14:34  Probe x3 (Chrono Boost)  
  114  14:45  Protoss Ground Armor Level 3 (Chrono Boost)  
  114  14:53  Zealot  
  114  14:54  Zealot x4  
  124  15:09  Sentry  
  124  15:10  Sentry x2  
  130  15:17  Photon Cannon  
  130  15:19  Photon Cannon  
  130  15:21  Probe x2  
  132  15:27  Colossus  
  138  15:45  Probe x2  
  138  15:46  Probe x2  
  142  16:05  Sentry x3  
  142  16:06  Sentry  
  142  16:10  Probe x2  
  152  16:12  Pylon  
  152  16:17  Probe x2  
  154  16:22  Probe x2  
  156  16:26  Pylon  
  156  16:37  Pylon  
  156  16:39  Colossus  
  162  16:44  Pylon  
  162  16:50  Tempest, Pylon  
  166  17:02  Zealot x3  
  105  17:48  Stalker x4  
  105  17:49  Stalker x3  
  113  18:01  Colossus, Probe x3  
  114  18:14  Sentry x4  
  114  18:15  Sentry  
  122  18:21  Probe x3  
  122  18:22  Probe  
  126  18:33  Probe x3  
  129  18:57  Nexus, Carrier  
  129  19:00  Zealot x4  
  125  19:28  Nexus  
  125  19:33  Pylon  
  125  19:47  Templar Archives  
  125  19:52  Stalker x3  
  131  19:54  Stalker  
  133  20:07  Pylon  
  133  20:13  Assimilator  
  133  20:17  Assimilator  
  133  20:21  Pylon  
  133  20:25  Pylon  
  133  20:37  Gateway  
  133  20:38  Gateway, Pylon  
  133  20:42  Gateway  
  133  20:44  Colossus  
  133  20:47  Pylon  
  133  20:48  Zealot, Pylon  
  141  20:52  Zealot  
  141  20:53  Zealot  
  145  21:09  Dark Shrine  
  141  21:16  Photon Cannon  
  139  21:19  Pylon  
  139  21:20  Observer  
  139  21:23  Pylon  
  139  21:24  Psionic Storm  
  139  21:25  Tempest  
  140  21:26  Photon Cannon  
  144  21:34  Colossus  
  144  21:38  Observer  
  145  21:42  Assimilator  
  151  21:49  Tempest (Chrono Boost)  
  151  21:51  Colossus  
  161  22:03  Probe  
  161  22:08  Tempest (Chrono Boost)  
  162  22:09  Assimilator  
  162  22:13  Photon Cannon  
  166  22:17  Protoss Shields Level 1 (Chrono Boost)  
  166  22:21  Graviton Catapult (Chrono Boost)  
  166  22:34  Dark Templar x2  
  166  22:35  Dark Templar x3  
  176  22:38  High Templar x3  
  176  22:44  Colossus  
  182  22:45  Pylon  
  182  22:50  Pylon  
  188  22:53  Gateway, Pylon  
  188  22:57  Pylon  
  188  22:58  Gateway  
  188  22:59  Gateway  
  188  23:02  Pylon  
  188  23:05  Gateway  
  188  23:06  Pylon  
  100  23:34  Stalker x3  
  100  23:35  Stalker x6  
  101  23:49  Carrier x2 (Chrono Boost)  
  97  23:55  Stalker  
  97  23:56  Stalker  
  97  24:01  Colossus x2 (Chrono Boost)  
  124  24:31  Zealot  
  124  24:32  Zealot x4  
  124  24:33  Zealot x2  
  138  24:41  Pylon  
  136  24:49  Probe  
  137  24:53  Carrier x2 (Chrono Boost)  
  137  25:00  High Templar x4  
  137  25:01  Probe, Zealot  
  137  25:02  Sentry  
  134  25:13  Probe  
  140  25:36  Dark Templar x4  
  140  25:40  Zealot x4  
  140  25:41  Zealot x4  
  164  26:03  Pylon  
  164  26:07  Pylon  
  164  26:10  Stalker x4  
  172  26:11  Pylon  
  164  26:19  Nexus  
  164  26:21  Pylon  
  170  26:38  Zealot x2  
  170  26:39  Zealot  
  138  27:11  Stalker x2  
  138  27:12  Stalker x4  
  138  27:13  Stalker  
Tags
 
Add a new tag
Caveats
  • Supply blocks, unpowered buildings, or Contaminate may cause inaccurate times.
  • Supply counts are checked every 10 seconds.